 Dungeon Crawl Stone Soup version 0.28.0-43-g3370ac3207 (webtiles) character file.

Game seed: 858350057841992790

16 pkoi the Skirmisher (level 2, -1/26 HPs)
             Began as a Draconian Monk on Mar 10, 2022.
             Slain by a ball python (2 damage)
             ... on level 1 of the Dungeon.
             The game lasted 00:00:33 (677 turns).

pkoi the Skirmisher (Draconian Monk)                 Turns: 677, Time: 00:00:33

Health: -1/26      AC:  4    Str: 12 (13) XL:     2   Next: 41%
Magic:  2/2        EV:  9    Int:  8 (10) God:
Gold:   16         SH:  0    Dex: 12 (13) Spells: 1/1 levels left

rFire   . . .      SeeInvis .     - Unarmed
rCold   . . .      Faith    .   (no shield)
rNeg    . . .      Spirit   .   (armour unavailable)
rPois   .          Reflect  .   (helmet restricted)
rElec   .          Harm     .   (no cloak)
rCorr   .          Rampage  .   (no gloves)
Will    .....                   (no boots)
Stlth   ++........              (no amulet)
HPRegen 0.08/turn               (no ring)
MPRegen 0.08/turn               (no ring)

@: slowed, constricted, very slow
A: AC +4, unfitting armour, cold-blooded
a: no special abilities


You were on level 1 of the Dungeon.
You visited 1 branch of the dungeon, and saw 1 of its levels.

You collected 16 gold pieces.

Inventory:

Missiles
 a - 5 javelins (quivered)
 d - 2 throwing nets
Scrolls
 c - a scroll of identify {unknown}
Potions
 e - a potion of brilliance {unknown}


   Skills:
 + Level 3.5 Fighting
 + Level 2.9 Dodging
 + Level 2.0 Stealth
 * Level 3.3 Unarmed Combat


You had one spell level left.
You didn't know any spells.
Your spell library was empty.

Dungeon Overview and Level Annotations

Branches:
Dungeon (1/15)

Altars:


Innate Abilities, Weirdness & Mutations

Your plain brown scales are hard. (AC +4)
You cannot fit into any form of body armour.
You are cold-blooded and may be slowed by cold attacks.


Message History

You feel as though you will be slow longer.
The ball python barely misses you. The ball python closely misses you.
You closely miss the ball python.
Your tail-slap misses the ball python.
The ball python bites you.
* * * LOW HITPOINT WARNING * * *
The ball python grabs you. The ball python constricts you.
The endoplasm barely misses you.
Unknown command.
You barely miss the ball python. You tail-slap the ball python.
The ball python is severely wounded.
The ball python bites you but does no damage.
The ball python constricts you. The endoplasm freezes you.
You are frozen.
* * * LOW HITPOINT WARNING * * *
The ball python barely misses you. The ball python constricts you.
The endoplasm closely misses you.
You escape the ball python's grasp.
The endoplasm freezes you.
You are frozen.
* * * LOW HITPOINT WARNING * * *
You feel as though you will be slow longer.
The ball python barely misses you. The ball python misses you.
The endoplasm closely misses you. The ball python closely misses you.
The ball python misses you.
You barely miss the ball python.
The ball python is severely wounded.
The ball python barely misses you. The ball python grabs you.
The ball python constricts you.
You barely miss the ball python.
Your tail-slap misses the ball python.
The ball python is heavily wounded.
The ball python barely misses you. The ball python constricts you.
* * * LOW HITPOINT WARNING * * *
The ball python barely misses you. The ball python constricts you.
* * * LOW HITPOINT WARNING * * *
It was a potion of degeneration.
There was something very wrong with that liquid.
You feel weakened.
You feel dopey.
You feel clumsy. The ball python bites you.
You die...

#......# #..... .
#...#+## #.....
....###.#..###.....
...................
....###.#...#######
##########.#.#.#
...........#.#.#
...#########......#.#
.......†JS@.......#.#
.........#.......##.##
#
.........#.......##..#
#
.........#.......###.#
# .........#...#####
#.# ## ###....###...#
#.# ##. #.... #...#
#.# ##.. #.... .....
#.###... #.##....


You could see an endoplasm and a ball python.

Vanquished Creatures
  2 dart slugs (D:1)
  2 ball pythons (D:1)
  A bat (D:1)
  An endoplasm (D:1)
  A hobgoblin (D:1)
  A kobold (D:1)
  2 frilled lizards (D:1)
  2 rats (D:1)
12 creatures vanquished.

Notes
Turn   | Place    | Note
-------+----------+-------------------------------------------
     0 | D:1      | pkoi the Draconian Monk began the quest for the Orb.
     0 | D:1      | Reached XP level 1. HP: 19/19 MP: 1/1
   265 | D:1      | Reached XP level 2. HP: 26/26 MP: 2/2
   676 | D:1      | HP: 1/26 [constriction (1)]
   677 | D:1      | Slain by a ball python

Illustrated notes

Levels and vault maps discovered:
D:1:      mrwooster_arrival_arrow, layout_basic, chequers_serial_rivers_room_b

Skill      XL: |  1 |
---------------+----+-----
Stealth        | 2 |  2.0
Fighting       | |  3.5
Dodging        | |  2.9
Unarmed Combat | |  3.3

Action                   || total
-------------------------++-------
Melee: Unarmed           ||    41
       Tailslap          ||     2
       Punch             ||     1
  Use: Potion            ||     1
 Stab: Sleeping          ||     5
Armor: Skin              ||    15
Dodge: Dodged            ||    32
